AoeStats
← Nilenwo

Arabia

510307388Analyzed
3v3 RM · 20h ago on Sep 30, 2026· 89m 32s· 6 players
Game mode
Random Map
Map size
Normal (6 player)
Population
200
Speed
Normal
Resources
Standard
Victory
Conquest
Starting age
Dark Age
Ending age
Imperial Age
RankedLock teamsTeams togetherTeam positionsShared explorationLock speedFull tech treeHidden civsTurbo modeCheats
Victory
Defeat
🇻🇳 Khitans · Vietnam
775
+14
🇳🇴 Sicilians · Norway
760
+15
🇻🇳 Wu · Vietnam
737
+16
🇫🇷 Magyars · France
781
-17
🇫🇷 Britons · France
719
-14
🇫🇷 Vietnamese · France
705
-14
Nilenwo
10:48 Feudal Age
16:37 Double-Bit Axe
17:05 Man-at-Arms
18:17 Forging
21:40 Castle Age
21:43 Crossbowman
24:54 Wheelbarrow
25:41 Long Swordsman
26:08 Gambesons
30:54 Bow Saw
32:37 Ballistics
36:45 Hand Cart
38:02 Town Watch
38:11 Fletching
38:21 Padded Archer Armor
39:10 Town Patrol
45:33 Imperial Age
44:26 Loom
44:42 Bodkin Arrow
45:03 Leather Archer Armor
44:58 Pikeman
45:38 Squires
45:24 Arson
45:44 Arbalester
48:31 Iron Casting
47:56 Scale Mail Armor
47:57 Bracer
48:30 Ring Archer Armor
47:33 Two-Handed Swordsman
50:15 Blast Furnace
51:39 Champion
55:27 Gold Mining
56:28 Halberdier
62:57 Chemistry
63:22 Elite Longbowman
65:52 Yeomen
65:06 Cranequins
JAQUY
9:27 Loom
11:56 Feudal Age
15:46 Castle Age
15:29 Scale Barding Armor
15:23 Gold Mining
15:47 Double-Bit Axe
19:23 Bloodlines
19:15 Husbandry
21:37 Wheelbarrow
24:35 Chain Barding Armor
36:46 Fletching
36:57 Padded Archer Armor
37:42 Horse Collar
39:59 Bodkin Arrow
40:20 Leather Archer Armor
42:02 Thumb Ring
46:34 Imperial Age
47:14 Ballistics
47:27 Stone Mining
48:13 Gold Shaft Mining
47:52 Bow Saw
47:46 Heavy Plow
48:26 Conscription
49:44 Chemistry
49:23 Plate Barding Armor
48:49 Bracer
49:20 Ring Archer Armor
48:14 Cavalier
49:45 Parthian Tactics
50:52 Scale Mail Armor
51:04 Heavy Cavalry Archer
52:20 Pikeman
53:45 Recurve Bow
54:56 Chain Mail Armor
58:57 Paladin
66:57 Corvinian Army
85:08 Elite Magyar Huszar
Dubleb20
4:11 Loom
11:10 Feudal Age
12:14 Double-Bit Axe
21:34 Forging
26:33 Castle Age
28:37 Iron Casting
28:08 Scale Barding Armor
31:10 Chain Barding Armor
31:01 Crossbowman
31:47 Thumb Ring
31:08 Light Cavalry
31:58 Bloodlines
35:42 Pikeman
38:34 Squires
38:20 Arson
41:09 Husbandry
48:58 Imperial Age
47:57 Fletching
48:09 Padded Archer Armor
51:45 Ballistics
59:09 Arbalester
Benji
12:09 Feudal Age
13:28 Horse Collar
17:10 Fletching
20:34 Padded Archer Armor
23:53 Castle Age
24:14 Pikeman
28:38 Elite Skirmisher
38:37 Ballistics
38:13 Murder Holes
39:33 Loom
40:24 Wheelbarrow
39:35 Town Watch
53:42 Hand Cart
53:28 Town Patrol
54:53 Fishing Lines
55:22 Double-Bit Axe
59:13 Gold Mining
59:14 Stone Mining
60:24 Leather Archer Armor
60:05 Bodkin Arrow
60:56 Scale Barding Armor
63:14 Chain Barding Armor
68:01 Imperial Age
68:47 Bracer
69:23 Plate Barding Armor
68:57 Heavy Mounted Crossbowman
68:58 Cranequins
69:40 Capped Ram
K o h i m e
12:38 Feudal Age
14:29 Double-Bit Axe
16:35 Horse Collar
17:50 Bloodlines
27:33 Castle Age
28:07 Pikeman
30:43 Squires
33:02 Bow Saw
32:57 Heavy Plow
33:42 Light Cavalry
34:24 Husbandry
38:03 Imperial Age
38:26 Scale Barding Armor
38:41 Heavy Hei Guang Cavalry
39:38 Forging
43:54 Two-Man Saw
45:41 Chain Barding Armor
46:47 Iron Casting
56:49 Hussar
59:14 Halberdier
64:13 Iron Casting
67:10 Blast Furnace
66:46 Plate Barding Armor
applerutz20052001
0:35 Loom
13:17 Feudal Age
17:34 Scale Barding Armor
17:40 Forging
26:50 Castle Age
25:04 Double-Bit Axe
25:01 Domestication
28:13 Pastoralism
28:26 Bow Saw
28:21 Scale Mail Armor
32:15 Gold Mining
32:17 Stone Mining
34:15 Padded Archer Armor
34:05 Fletching
34:53 Stone Shaft Mining
36:05 Thumb Ring
35:21 Elite Skirmisher
39:27 Imperial Age
37:46 Wheelbarrow
37:02 Elite Skirmisher
38:41 Gambesons
38:57 Squires
38:43 Arson
39:16 Leather Archer Armor
41:24 Hand Cart
40:54 Town Watch
41:58 Transhumance
43:05 Chemistry
42:00 Murder Holes
41:56 Heated Shot
42:26 Ballistics
44:09 Town Patrol
45:00 Elite Liao Dao
45:21 Light Cavalry
46:02 Husbandry
45:32 Pikeman
48:09 Parthian Tactics
48:30 Chain Mail Armor
48:46 Ring Archer Armor
48:12 Bodkin Arrow
50:13 Two-Man Saw
49:50 Plate Mail Armor
53:34 Hussar
54:56 Lamellar Armor
54:56 Ordo Cavalry
56:35 Iron Casting
56:01 Bracer
59:06 Chain Barding Armor
59:35 Heavy Rocket Cart
60:54 Plate Barding Armor
65:21 Heavy Camel Rider
68:35 Treadmill Crane
Connection lost

Rejoining the realm…

Still unreachable

The connection could not be restored.

Session expired

The server has moved on; the page needs a fresh start.